 Dungeon Crawl Stone Soup version 0.32-a0-913-g739538afd8 (webtiles) character file.

Game seed: 5631672117990135914

75020 Cancer the Earth Mage (level 15, -2/88 HPs)
             Began as a Gargoyle Earth Elementalist on Apr 10, 2024.
             Was a High Priest of Vehumet.
             Shot with an arrow by a centaur (9 damage)
             ... led by a centaur warrior
             ... on level 14 of the Dungeon.
             The game lasted 01:34:14 (28000 turns).

Cancer the Earth Mage (GrEE)                       Turns: 28000, Time: 01:34:14

Health: -2/88      AC: 19    Str: 12    XL:     15   Next: 48%
Magic:  12/32      EV: 15    Int: 29    God:    Vehumet [*****.]
Gold:   1449       SH:  4    Dex: 17    Spells: 26/41 levels left

rFire   . . .        U - +9 spear "Ufrejem" {flame, rCorr Dex+7 SInv Stlth+}
rCold   . . .        N - +0 buckler
rNeg    + . .        X - +0 troll leather armour
rPois   ∞            K - +1 hat {Will+}
rElec   +            B - +0 cloak
rCorr   +            z - +0 pair of gloves
SInv    +            D - +0 pair of boots
Will    ++...        (no amulet)
Stlth   ++++         V - +6 ring of intelligence
HPRegen 1.14/turn    L - +5 ring of evasion
MPRegen 0.23/turn

%: no passive effects
@: flying
A: sickness immunity, AC +11, big wings, negative energy resistance 1,
electricity resistance, torment resistance 1, petrification resistance
a: Renounce Religion


You were on level 14 of the Dungeon.
You worshipped Vehumet.
Vehumet was extremely pleased with you.
You visited 4 branches of the dungeon, and saw 21 of its levels.

You collected 1449 gold pieces.

Inventory:

Hand Weapons
 A - the +1 whip of Weliewn {freeze, rPois rC++ Str-5}
   (You found it on level 4 of the Dungeon)

   Str-5:     It affects your strength (-5).
   rC++:      It greatly protects you from cold.
   rPois:     It protects you from poison.
 U - the +9 spear "Ufrejem" (weapon) {flame, rCorr Dex+7 SInv Stlth+}
   (You found it on level 4 of the Lair of Beasts)

   Dex+7:     It affects your dexterity (+7).
   SInv:      It lets you see invisible.
   rCorr:     It protects you from acid and corrosion.
   Stlth+:    It makes you more stealthy.
Missiles
 v - a throwing net
Armour
 a - a +0 robe of willpower
 z - a +0 pair of gloves (worn)
 B - a +0 cloak (worn)
 D - a +0 pair of boots (worn)
 E - a +2 tower shield
 J - the +0 chain mail of the Good {Harm Str-5 Int+6 Dex-3}
   (You found it on level 2 of the Lair of Beasts)

   Str-5:     It affects your strength (-5).
   Int+6:     It affects your intelligence (+6).
   Dex-3:     It affects your dexterity (-3).
   Harm:      It increases damage dealt and taken.
 K - a +1 hat of willpower (worn)
 N - a +0 buckler (worn)
 R - an orb of mayhem
 S - a +0 robe of fire resistance
 X - a +0 troll leather armour (worn)
 Y - a +2 ring mail of poison resistance
Magical Staves
 Z - a staff of air
Jewellery
 n - the amulet of Foluqosu {Spirit Str+10 Stlth-}
   (You found it on level 2 of the Dungeon)

   [amulet of guardian spirit]

   Spirit:    It causes incoming damage to be divided between your reserves of
   health and magic.
   Str+10:    It affects your strength (+10).
   Stlth-:    It makes you less stealthy.
 x - a ring of wizardry
 G - a ring of ice
 L - a +5 ring of evasion (right hand)
 V - a +6 ring of intelligence (left hand)
Scrolls
 d - 4 scrolls of poison
 e - 7 scrolls of teleportation
 f - 2 scrolls of noise
 g - 3 scrolls of blinking
 h - 2 scrolls of revelation
 j - 5 scrolls of enchant weapon
 m - 2 scrolls of torment
 u - 4 scrolls of silence
 w - 2 scrolls of fear
 y - a scroll of brand weapon
 F - a scroll of amnesia
 H - 2 scrolls of acquirement
 Q - a scroll of vulnerability {unknown}
 W - 2 scrolls of enchant armour
Potions
 b - a potion of magic
 c - 4 potions of might
 i - a potion of attraction
 k - 4 potions of brilliance
 l - a potion of berserk rage
 o - 4 potions of curing
 p - 2 potions of resistance
 q - 3 potions of ambrosia
 r - 6 potions of heal wounds
 s - 2 potions of cancellation
 t - 3 potions of enlightenment
 C - 3 potions of haste
 I - 4 potions of lignification
 O - 12 potions of degeneration
 P - a potion of invisibility
 T - 3 potions of mutation


   Skills:
 - Level 8.0 Fighting
 - Level 6.0 Armour
 - Level 2.0 Dodging
 + Level 4.4 Stealth
 + Level 1.4 Shields
 + Level 13.7 Spellcasting
 + Level 15.8 Conjurations
 - Level 2.0 Translocations
 + Level 17.4 Earth Magic


You had 26 spell levels left.
You knew the following spells:

 Your Spells              Type           Power      Damage    Failure   Level
a - Sandblast             Erth           100%       2d20      0%          1
b - Stone Arrow           Conj/Erth      100%       3d13      0%          3
c - Bombard               Conj/Erth      43%        9d7       1%          6
d - Blink                 Tloc           62%        N/A       3%          2
e - Passwall              Erth           88%        N/A       0%          3

Your spell library contained the following spells:

 Spells                   Type           Power      Damage    Failure   Level
 Irradiate                Conj/Alch      30%        3d21      1%          5
 Magic Dart               Conj           100%       1d8       0%          1
 Searing Ray              Conj           100%       2d8       0%          2
 Momentum Strike          Conj/Tloc      100%       3d10      1%          2
 Animate Armour           Summ/Erth      100%       N/A       1%          4
 Brom's Barrelling Bould  Conj/Erth      86%        2d10      1%          4
 Fulminant Prism          Conj/Alch      30%        3d16      1%          4
 Petrify                  Alch/Erth      63%        N/A       1%          4
 Arcjolt                  Conj/Air       30%        1d40      1%          5
 Lesser Beckoning         Tloc           62%        N/A       3%          2
 Borgnjor's Vile Clutch   Necr/Erth      31%        N/A       3%          5
 Maxwell's Portable Pile  Tloc           31%        2d(8-22)  6%          3
 Lehudib's Crystal Spear  Conj/Erth      43%        10d10     9%          8
 Olgreb's Toxic Radiance  Alch           19%        N/A       12%         4
 Tukima's Dance           Hex            19%        N/A       14%         3
 Passage of Golubria      Tloc           31%        N/A       21%         4
 Vhi's Electric Charge    Tloc/Air       50%        N/A       30%         4
 Yara's Violent Unravell  Hex/Alch       9%         3d6       30%         5
 Alistair's Intoxication  Alch           12%        N/A       77%         5
 Eringya's Noxious Bog    Alch           9%         4d6       83%         6
 Plasma Beam              Fire/Air       9%         2x1d20    83%         6
 Ozocubu's Refrigeration  Ice            9%         4d9       100%        7
 Discord                  Hex            9%         N/A       100%        8
 Maxwell's Capacitive Co  Air            9%         ∞         100%        8


Dungeon Overview and Level Annotations

Branches:
Dungeon (14/15)            Temple (1/1) D:4            Lair (5/5) D:11
 Shoals (0/4) Lair:3        Snake (1/4) Lair:2        Slime (0/5) Lair:4
    Orc (0/2) D:11
 Vaults: D:13-14

Altars:
Ashenzari
Cheibriados
Dithmenos
Elyvilon
Fedhas
Gozag
Hepliaklqana
Kikubaaqudgha
Makhleb
Nemelex Xobeh
Okawaru
Qazlal
Ru
Sif Muna
Trog
Uskayaw
Vehumet
Wu Jian
Xom
Yredelemnul
Zin
The Shining One
Jiyva

Shops:
D:1 (   D:6 *   D:7 *   D:13 (   D:14 (

Annotations:
D:1 tele
D:11 stash


Innate Abilities, Weirdness & Mutations

You are immune to sickness and miasma.
Your stone body is resilient. (AC +11)
You are immune to poison.
Your large and strong wings let you fly.
You resist negative energy. (rN+)
You are resistant to electric shocks. (rElec)
You are resistant to unholy torment.
You are immune to petrification.


Message History

The arrow hits you but does no damage.
The centaur shouts!
The centaur shoots an arrow.
The arrow hits you!
An ogre mage comes into view. It is wielding a +0 halberd.
The centaur shoots an arrow.
The arrow closely misses you.
The centaur wields a +0 orcbow.
The centaur shoots an arrow.
The arrow hits you.
The centaur shoots an arrow.
The arrow hits you but does no damage.
The centaur warrior shoots an arrow.
The arrow hits you.
An ogre comes into view. It is wielding a +0 giant club.
The ogre shouts!
You hear two shouts!
An ogre comes into view. It is wielding a +0 giant club.
The centaur shoots an arrow.
The arrow misses you.
The centaur shoots an arrow.
The arrow closely misses you.
A two-headed ogre comes into view. It is wielding two +0 giant clubs.
The ogre moves out of view.
The ogre shouts!
You hear two shouts!
The centaur warrior shoots an arrow.
The arrow hits you!
The freezing wraith attacks as it pursues you!
The freezing wraith hits you but does no damage.
The freezing wraith completely misses you.
A centaur warrior comes into view.
The centaur warrior shoots an arrow.
The arrow hits you!
The centaur shoots an arrow.
The arrow hits you but does no damage.
The centaur warrior shoots an arrow.
The arrow hits you!
* * * LOW HITPOINT WARNING * * *
The centaur shoots an arrow.
The arrow hits you!
* * * LOW HITPOINT WARNING * * *
A centaur comes into view.
The centaur shouts!
The centaur wields a +0 shortbow.
The centaur shoots an arrow.
The arrow closely misses you.
The centaur warrior unwields a +0 shortbow.
The centaur warrior hits you.
* * * LOW HITPOINT WARNING * * *
The centaur warrior kicks you but does no damage.
Unknown command.
An ogre comes into view. It is wielding a +0 giant spiked club.
The centaur shoots an arrow.
The arrow hits you!
You die...

♣...♣...#.##...)<##
.c..........########
#..♣..O♣...O########
#.........#.......<#
#..♣...♣..##......(##########
#####.....O..O...................
...........♣..##.....############
.............O##.....#
.......♣......#.@..c.#
.##...........#.#....#
.####..♣...♣.Wc.#....#
(........W...c###....#
.......♣...♣.c###....#
..............#......#
...........♣..#......#
.##..................#
#####..♣.............#


You could see a centaur warrior, a freezing wraith, an ogre (wandering) and 3
centaurs.

Vanquished Creatures
  Gastronok (Lair:2)
  A death knight (D:11)
  5 hydras
  2 boulder beetles
  3 catoblepae (Lair:5)
  5 centaur warriors
  5 two-headed ogres
  3 tengu warriors
  21 death yaks
  A skeletal warrior (D:9)
  A deep troll (D:9)
  Pikel (D:9)
  A wolf spider (D:11)
  4 ugly things
  4 cyclopes
  4 manticores
  7 elephants
  A black mamba (shapeshifter) (D:13)
  Joseph (D:9)
  11 cane toads
  7 black mambas
  2 torpor snails
  A rime drake (shapeshifter) (D:11)
  9 komodo dragons
  An unseen horror (D:11)
  2 rime drakes
  Psyche (D:9)
  7 trolls
  2 hornets
  4 polar bears
  13 blink frogs
  2 dream sheep (Lair:5)
  3 shadows
  A spriggan (Lair:3)
  Sigmund (D:5)
  15 slime creatures
  4 wraiths
  40 yaks
  7 wyverns
  3 basilisks
  3 vampire mosquitoes (D:11)
  2 nagas (Lair:2)
  3 acid dragons (D:9)
  26 water moccasins
  7 orc warriors
  A swamp drake (D:11)
  A sky beast (D:5)
  5 black bears
  An ice beast (D:7)
  31 wolves
  3 ogres
  18 centaurs
  2 lemures (D:9)
  A phantom (D:6)
  12 bullfrogs
  6 kobold brigands
  3 gnoll sergeants
  4 scorpions
  15 wights
  A killer bee (D:9)
  An electric eel (Lair:3)
  3 howler monkeys
  A bombardier beetle (D:12)
  2 hounds (D:6)
  A gnoll bouda (D:5)
  6 orc priests
  6 jellies (Lair:4)
  2 sleepcaps
  2 iguanas
  9 orc wizards
  10 gnolls
  5 adders
  A shadow imp (D:6)
  A white imp (D:8)
  2 ribbon worms
  3 dart slugs
  45 orcs
  8 endoplasms
  2 giant cockroaches
  5 hobgoblins
  3 jackals (D:2)
  3 quokkas
  3 training dummies (D:14)
  5 ball pythons
  5 bats
  5 frilled lizards
  10 goblins
  22 kobolds
  4 rats
527 creatures vanquished.

Vanquished Creatures (others)
  An orc wizard (D:11)
1 creature vanquished.

Grand Total: 528 creatures vanquished

Notes
Turn   | Place    | Note
-------+----------+-------------------------------------------
     0 | D:1      | Cancer the Gargoyle Earth Elementalist began the quest for
                  | the Orb.
     0 | D:1      | Reached XP level 1. HP: 10/10 MP: 3/3
   303 | D:1      | Reached XP level 2. HP: 15/15 MP: 3/5
   520 | D:1      | Found Anief's Antique Weapon Shoppe.
   541 | D:1      | Reached skill level 4 in Earth Magic
   982 | D:2      | Reached XP level 3. HP: 19/19 MP: 2/6
  1471 | D:2      | Reached XP level 4. HP: 24/24 MP: 3/8
  1599 | D:2      | Identified the amulet of Foluqosu {Spirit Str+10 Stlth-}
  2754 | D:3      | Reached XP level 5. HP: 28/28 MP: 7/9
  3034 | D:4      | Noticed a black bear
  3214 | D:4      | Reached skill level 5 in Earth Magic
  3484 | D:4      | Found a blossoming altar of Fedhas.
  3697 | D:4      | Identified the +1 whip of Weliewn {freeze, rPois rC++
                  | Str-5}
  3704 | D:4      | Found a staircase to the Ecumenical Temple.
  3711 | Temple   | Entered the Ecumenical Temple
  3732 | Temple   | Became a worshipper of Vehumet
  4002 | D:4      | Killed a black bear
  4003 | D:4      | Reached XP level 6. HP: 32/32 MP: 7/11
  4098 | D:5      | Entered Level 5 of the Dungeon
  4099 | D:5      | Noticed Sigmund
  4103 | D:5      | Killed Sigmund
  4104 | D:5      | Reached skill level 6 in Earth Magic
  4104 | D:5      | Reached XP level 7. HP: 34/36 MP: 7/13
  4241 | D:5      | Reached skill level 5 in Conjurations
  4506 | D:5      | Reached * piety under Vehumet
  4506 | D:5      | Offered knowledge of Freeze by Vehumet.
  4632 | D:5      | Reached skill level 5 in Spellcasting
  4632 | D:5      | Reached skill level 7 in Earth Magic
  4632 | D:5      | Reached XP level 8. HP: 21/41 MP: 9/15
  5481 | D:6      | Found an opulent altar of Gozag.
  5485 | D:6      | Found Gozag's Platinum Reserve.
  5706 | D:7      | Reached skill level 8 in Earth Magic
  5749 | D:7      | Found Piepriv's General Store.
  5956 | D:7      | Learned a level 3 spell: Stone Arrow
  5960 | D:7      | Learned a level 3 spell: Passwall
  5965 | D:7      | Found a sparkling altar of Nemelex Xobeh.
  5968 | D:7      | Reached XP level 9. HP: 45/45 MP: 12/18
  6289 | D:7      | Reached ** piety under Vehumet
  6423 | D:7      | Offered knowledge of Scorch by Vehumet.
  6526 | D:7      | Reached skill level 9 in Earth Magic
  7487 | D:8      | Offered knowledge of Mercury Vapours by Vehumet.
  7729 | D:8      | Learned a level 2 spell: Blink
  8019 | D:9      | Noticed a two-headed ogre
  8024 | D:9      | Killed a two-headed ogre
  8025 | D:9      | Reached skill level 1 in Translocations
  8025 | D:9      | Reached skill level 10 in Earth Magic
  8025 | D:9      | Reached XP level 10. HP: 50/50 MP: 8/21
  8269 | D:9      | Noticed Pikel
  8297 | D:9      | Killed Pikel
  8460 | D:9      | Noticed Psyche
  8535 | D:9      | Reached *** piety under Vehumet
  8537 | D:9      | Killed Psyche
  8592 | D:9      | Noticed Joseph
  8729 | D:9      | Reached skill level 11 in Earth Magic
  8910 | D:9      | Killed Joseph
  8972 | D:9      | Noticed a green ugly thing
  9163 | D:9      | Reached skill level 10 in Conjurations
  9380 | D:9      | Offered knowledge of Airstrike by Vehumet.
  9381 | D:9      | Reached XP level 11. HP: 53/54 MP: 8/24
  9593 | D:8      | Killed a green ugly thing
  9594 | D:8      | Reached skill level 12 in Earth Magic
  9748 | D:9      | Noticed a deep troll
  9748 | D:9      | Noticed a centaur warrior
  9833 | D:9      | Noticed a centaur warrior
  9839 | D:9      | Killed a centaur warrior
 10218 | D:9      | Killed a centaur warrior
 10359 | D:9      | Noticed a cyclops
 10359 | D:9      | Noticed a boulder beetle
 10472 | D:9      | Noticed a skeletal warrior
 10508 | D:9      | Killed a deep troll
 11133 | D:10     | Entered Level 10 of the Dungeon
 11298 | D:10     | Noticed a two-headed ogre
 11303 | D:10     | Killed a two-headed ogre
 11304 | D:10     | Reached skill level 10 in Spellcasting
 11389 | D:10     | Found a snail-covered altar of Cheibriados.
 11398 | D:10     | Found a white marble altar of Elyvilon.
 11550 | D:10     | Found a shimmering altar of Xom.
 11983 | D:11     | Noticed a cyclops
 11992 | D:11     | Noticed a cyclops
 11997 | D:11     | Killed a cyclops
 12007 | D:11     | Killed a cyclops
 12008 | D:11     | Reached skill level 13 in Earth Magic
 12300 | D:11     | Noticed a two-headed ogre
 12305 | D:11     | Killed a two-headed ogre
 12306 | D:11     | Reached XP level 12. HP: 59/59 MP: 16/26
 12370 | D:11     | Reached **** piety under Vehumet
 12437 | D:11     | Found a staircase to the Orcish Mines.
 12451 | D:11     | Offered knowledge of Lee's Rapid Deconstruction by Vehumet.
 12751 | D:11     | Found a staircase to the Lair.
 13030 | D:11     | Noticed a death knight
 13052 | D:11     | Noticed a two-headed ogre
 13071 | D:11     | Killed a two-headed ogre
 13370 | D:11     | Noticed a tengu warrior
 13374 | D:11     | Killed a tengu warrior
 13375 | D:11     | Reached skill level 14 in Earth Magic
 13426 | D:11     | Noticed a tengu warrior
 13430 | D:11     | Killed a tengu warrior
 13848 | D:11     | Reached skill level 1 in Fighting
 13885 | D:11     | Reached skill level 1 in Armour
 13886 | D:11     | Reached ***** piety under Vehumet
 14173 | D:11     | Offered knowledge of Ignite Poison by Vehumet.
 14310 | D:12     | Noticed a two-headed ogre
 14315 | D:12     | Killed a two-headed ogre
 14415 | D:12     | Identified 2 scrolls of acquirement
 14723 | D:12     | Noticed a boulder beetle
 14923 | D:12     | Killed a boulder beetle
 14924 | D:12     | Reached XP level 13. HP: 62/68 MP: 13/28
 15001 | D:12     | Found a snail-covered altar of Cheibriados.
 16209 | Lair:1   | Entered Level 1 of the Lair of Beasts
 17343 | Lair:2   | Found a staircase to the Snake Pit.
 17379 | Lair:2   | Reached skill level 15 in Earth Magic
 17604 | Lair:2   | Noticed Gastronok
 17672 | Lair:2   | Reached skill level 5 in Armour
 17711 | Lair:2   | Offered knowledge of Fireball by Vehumet.
 17804 | Lair:2   | Identified the +0 chain mail of the Good {Harm Str-5 Int+6
                  | Dex-3}
 17972 | Lair:2   | Killed Gastronok
 18814 | Snake:1  | Entered Level 1 of the Snake Pit
 19294 | Lair:3   | Gained mutation: Your large and strong wings let you fly.
                  | [Gargoyle growth]
 19294 | Lair:3   | Reached XP level 14. HP: 74/76 MP: 14/30
 19503 | Lair:3   | Reached skill level 5 in Fighting
 19714 | Lair:3   | Found a staircase to the Shoals.
 20196 | Lair:3   | Reached skill level 16 in Earth Magic
 20277 | Lair:3   | You are sucked into a shaft and drop 2 floors!
 20277 | Lair:5   | Entered Level 5 of the Lair of Beasts
 20355 | Lair:4   | Offered knowledge of Bombard by Vehumet.
 20363 | Lair:4   | Learned a level 6 spell: Bombard
 20990 | Lair:4   | Identified the +9 spear "Ufrejem" {flame, rCorr Dex+7 SInv
                  | Stlth+}
 21142 | Lair:4   | Found a viscous altar of Jiyva.
 21142 | Lair:4   | Found a staircase to the Slime Pits.
 22296 | Lair:5   | Reached skill level 15 in Conjurations
 22601 | Lair:5   | Offered knowledge of Irradiate by Vehumet.
 23102 | Lair:5   | Reached XP level 15. HP: 88/88 MP: 19/32
 23562 | Lair:5   | Reached skill level 17 in Earth Magic
 27275 | D:13     | Found Kuyplonu's Antique Weapon Shoppe.
 27705 | D:14     | Reached skill level 1 in Shields
 27851 | D:14     | Found Ecwomi's Firing Range.
 28000 | D:14     | Shot with an arrow by a centaur

Illustrated notes

Levels and vault maps discovered:
D:1:      dpeg_arrival_central, layout_basic, serial_shops,
          nicolae_shop_tiny_statue_garden
D:2:      layout_basic
D:3:      layout_basic, serial_bayou, serial_bayou_shore_b,
          serial_bayou_lagoon_a, serial_bayou_pond_c, serial_bayou_lagoon_b
D:4:      layout_basic, mainiacjoe_overflow_chevrons, minmay_temple_entry_hall,
          minmay_crossroads
D:5:      layout_basic, lexackson_kobold_supper, uniq_sigmund
D:6:      layout_basic, nicolae_gozag_zags_fifth_avenue
D:7:      layout_cave_pods, lemuel_tele_altar, serial_shops,
          nicolae_shop_waterfront
D:8:      hellmonk_destroyed_diamonds, layout_gridville
D:9:      nzn_winding_woodlands_stair_cross
          [nzn_winding_woodlands_5x15_sidewinder,
          nzn_winding_woodlands_center_lodge, nzn_winding_woodlands_5x15_jagged,
          nzn_winding_woodlands_hourglass, nzn_winding_woodlands_5x5_perimeter,
          nzn_winding_woodlands_5x15_cabin,
          nzn_winding_woodlands_center_pierced_h,
          nzn_winding_woodlands_5x15_pockets], layout_rooms,
          kennysheep_generic_room_2, uniq_joseph, uniq_pikel, uniq_psyche
D:10:     layout_loops_cross, mainiacjoe_overflow_swirl,
          mainiacjoe_overflow_alcove_2
D:11:     layout_stronghold, due_lair_maze_entry_diamond, erik_orc_1,
          minmay_bent
D:12:     layout_basic, chei_slow_surprise
D:13:     layout_basic, serial_shops, shop
D:14:     layout_rooms, grunt_vaults_entry_tiered, serial_park_avenue1,
          nicolae_shop_firing_range
Temple:   nicolae_temple_slightly_damp_pantheon
Lair:1:   layout_regular_city, grunt_megastairs_4
Lair:2:   layout_chaotic_city, guppyfry_snake_entry_island,
          guppyfry_lair_drakes, uniq_gastronok
Lair:3:   layout_chaotic_city, elwin_shoals_entry_rooms, forest_entry_grove,
          lemuel_fruit_fields
Lair:4:   layout_cave_pods, nicolae_slime_entry_slimehenge
Lair:5:   hangedman_lair_in_review, layout_long_grid,
          chequers_serial_rivers_room_b
Snake:1:  layout_layer_cave, grunt_megastairs_5, serial_bayou_shore_b,
          minmay_shop_star, uniq_mlioglotl

Skill      XL: |  1  2  3  4  5  6  7  8  9 10 11 12 13 14 15 |
---------------+----------------------------------------------+-----
Earth Magic    | 4 5 6 7 8 10 11 13 14 15 16 17 | 17.4
Conjurations   | 2 3 4 5 7 8 10 11 13 14 15 | 15.8
Spellcasting   | 3 4 5 6 7 9 10 11 12 13 | 13.7
Translocations | 1 2 |  2.0
Fighting       | 2 4 7 8 |  8.0
Armour         | 2 6 |  6.0
Dodging        | 2 |  2.0
Stealth        | 3 4 |  4.4
Shields        | 1 |  1.4

Action                     |  1- 3 |  4- 6 |  7- 9 | 10-12 | 13-15 || total
---------------------------+-------+-------+-------+-------+-------++-------
  Melee: Unarmed           |    12 |       |       |       |       ||    12
         Whip              |       |       |     5 |       |       ||     5
         Spear             |       |       |       |   115 |   149 ||   264
   Cast: Sandblast         |    49 |    54 |   177 |   204 |   390 ||   874
         Passwall          |       |       |     3 |     5 |     2 ||    10
         Stone Arrow       |       |       |    15 |   143 |   195 ||   353
         Bombard           |       |       |       |       |    93 ||    93
    Use: Scroll            |       |       |     4 |     8 |    15 ||    27
   Stab: Petrified         |       |       |       |       |     8 ||     8
 Armour: Robe              |    27 |    15 |    87 |   141 |       ||   270
         Skin              |       |       |       |     2 |       ||     2
         Troll leather arm |       |       |       |    66 |   587 ||   653
  Dodge: Dodged            |    25 |    17 |   124 |   184 |   617 ||   967
  Block: Buckler           |       |       |       |       |     4 ||     4

Table legend: (Time is in decaauts)
 A = Elapsed time spent in this place.
 B = Non-inter-level travel time spent in this place.
 C = Inter-level travel time spent in this place.
 D = Time resting spent in this place.
 E = Time spent auto-exploring this place.
 F = Levels seen in this place.
 G = Mean time per level.
                   A        B        C        D        E       F      G
               +--------+--------+--------+--------+--------+-----+--------+
         Total |  28560 |  24053 |   4507 |   2552 |  13833 |  21 | 1360.0 |
       Dungeon |  19326 |  16504 |   2822 |   1776 |  10031 |  14 | 1380.4 |
        Temple |     42 |      2 |     40 |      0 |      0 |   1 |   42.0 |
          Lair |   9189 |   7544 |   1645 |    776 |   3802 |   5 | 1837.8 |
     Snake Pit |      1 |      1 |      0 |      0 |      0 |   1 |    1.0 |
               +--------+--------+--------+--------+--------+-----+--------+

Top non-repeatable levels by time:
     D:9: 3259 daAuts
    D:11: 2841 daAuts
  Lair:5: 2806 daAuts
    D:12: 1966 daAuts
  Lair:2: 1851 daAuts
  Lair:3: 1822 daAuts
  Lair:4: 1468 daAuts
     D:8: 1433 daAuts
     D:7: 1272 daAuts
  Lair:1: 1241 daAuts
     D:2: 1229 daAuts
     D:5: 1226 daAuts
    D:13: 1089 daAuts
     D:3: 1085 daAuts
     D:4: 1042 daAuts
